AoeStats
← DR DANKEL

Arabia

508233630Analyzed
1v1 RM · 11d ago on Sep 21, 2026· 45m 58s· 2 players
Game mode
Random Map
Map size
Tiny (2 player)
Population
200
Speed
Normal
Resources
Standard
Victory
Conquest
Starting age
Dark Age
Ending age
Imperial Age
RankedLock teamsTeams togetherTeam positionsShared explorationLock speedFull tech treeHidden civsTurbo modeCheats
Victory
Defeat
🇸🇪 Wei · Sweden
1084
+16
🇦🇷 Huns · Argentina
1089
-16
DR DANKEL
7:12 Loom
9:49 Feudal Age
10:17 Double-Bit Axe
10:13 Horse Collar
11:21 Gold Mining
15:32 Town Watch
18:03 Wheelbarrow
17:52 Fletching
21:39 Castle Age
20:54 Padded Archer Armor
23:06 Bow Saw
23:32 Ballistics
22:56 Crossbowman
24:09 Bodkin Arrow
28:03 Bloodlines
31:55 Leather Archer Armor
31:38 Elite Skirmisher
35:46 Hand Cart
35:58 Husbandry
41:17 Imperial Age
42:44 Bracer
viejomeado22
6:33 Loom
9:20 Feudal Age
9:59 Double-Bit Axe
12:41 Horse Collar
19:18 Wheelbarrow
21:50 Castle Age
20:37 Scale Barding Armor
21:19 Bloodlines
21:43 Fletching
23:07 Forging
23:03 Husbandry
23:25 Gold Mining
24:47 Elite Skirmisher
26:07 Chain Barding Armor
31:32 Heavy Plow
39:26 Light Cavalry
40:26 Bodkin Arrow
41:39 Iron Casting
41:05 Padded Archer Armor
42:05 Hand Cart
45:56 Imperial Age
44:45 Ballistics
Connection lost

Rejoining the realm…

Still unreachable

The connection could not be restored.

Session expired

The server has moved on; the page needs a fresh start.